APP
BALTIMORE (APP) ORIOLES @ BOSTON (APP) RED SOX
09/06/2048
 
TOP OF THE 1ST
Baltimore (APP) Orioles batting - Pitching for Boston (APP) Red Sox : RHP Nate Rizzi
Pitching: RHP Nate Rizzi
Batting: RHB Ruben Domingues 0-0: Called Strike
0-1: Foul Ball, location: 2F
0-2: Ball
1-2: SINGLE (Line Drive, 9LS, EV 105.6 MPH)
Batting: LHB Xue-liang Zhou 0-0: Called Strike
0-1: Ball
1-1: Called Strike
1-2: Ball
2-2: Fly out, F6 (Popup, 6M, EV 70.6 MPH)
Batting: LHB Jeremy Nuzzo 0-0: Called Strike
0-1: SINGLE (Groundball, 13, EV 93.8 MPH) (infield hit)
Ruben Domingues to second
Batting: SHB Eric Kelley 0-0: Ball
1-0: Called Strike
1-1: SINGLE (Groundball, 34D, EV 81.2 MPH) (infield hit)
Ruben Domingues to third
Jeremy Nuzzo to second
Batting: RHB C.J. Wells 0-0: DOUBLE (Line Drive, 89D, EV 110.0 MPH)
Ruben Domingues scores
Jeremy Nuzzo scores
Eric Kelley to third
Runner from 3rd tries for Home, SAFE, throw by CF to trailing runner, SAFE at third!
Batting: LHB Edwin Cabral 0-0: Ground out U3 (Groundball, 13, EV 87.5 MPH)
C.J. Wells scores
Batting: RHB Han Caspers 0-0: Ground out 4-3 (Groundball, 4, EV 80.0 MPH)
Top of the 1st over - 4 runs, 4 hits, 0 errors, 0 left on base; Baltimore (APP) 4 - Boston (APP) 0
BOTTOM OF THE 1ST
Boston (APP) Red Sox batting - Pitching for Baltimore (APP) Orioles : RHP Craig Painter
Pitching: RHP Craig Painter
Batting: LHB Javier Cajina 0-0: Called Strike
0-1: Ground out 1-3 (Groundball, 13S, EV 66.9 MPH)
Batting: RHB Kirk Cully 0-0: Ball
1-0: Called Strike
1-1: SOLO HOME RUN (Flyball, 7D, EV 108.8 MPH), Distance : 416 ft
Batting: RHB Bakhtiar Asadov 0-0: Foul Ball, location: 2F
0-1: Ball
1-1: Fly out, F7 (Flyball, 7, EV 78.1 MPH)
Batting: RHB Joe Booth 0-0: Swinging Strike
0-1: Called Strike
0-2: Strikes out looking
Bottom of the 1st over - 1 run, 1 hit, 0 errors, 0 left on base; Baltimore (APP) 4 - Boston (APP) 1
TOP OF THE 2ND
Baltimore (APP) Orioles batting - Pitching for Boston (APP) Red Sox : RHP Nate Rizzi
Batting: LHB Ivan Alvarez 0-0: Ball
1-0: Called Strike
1-1: Ground out 6-3 (Groundball, P, EV 86.2 MPH)
Batting: RHB Imbart van Rens 0-0: Swinging Strike
0-1: Foul Ball, location: 2F
0-2: Ball
1-2: Strikes out swinging
Batting: RHB Ruben Domingues 0-0: Ball
1-0: Ball
2-0: Foul Ball, location: 2F
2-1: Ball
3-1: Base on Balls
Batting: LHB Xue-liang Zhou 0-0: Called Strike
Ruben Domingues steals 2nd base
0-1: Ball
1-1: Ball
2-1: Foul Ball, location: 2F
2-2: 2-RUN HOME RUN (Flyball, 9D, EV 103.1 MPH), Distance : 385 ft
Batting: LHB Jeremy Nuzzo 0-0: Called Strike
0-1: Ball
1-1: Ground out U3 (Groundball, 34S, EV 91.9 MPH)
Top of the 2nd over - 2 runs, 1 hit, 0 errors, 0 left on base; Baltimore (APP) 6 - Boston (APP) 1
BOTTOM OF THE 2ND
Boston (APP) Red Sox batting - Pitching for Baltimore (APP) Orioles : RHP Craig Painter
Batting: SHB Matsudaira Ikeda 0-0: Called Strike
0-1: Ground out U3 (Groundball, 34, EV 101.2 MPH)
Batting: RHB Eric Kent 0-0: Ball
1-0: Ball
2-0: SINGLE (Groundball, 34D, EV 101.9 MPH)
Batting: RHB Luis Nino 0-0: Ball
1-0: Ball
Passed Ball!
Eric Kent to second
2-0: Fly out, F7 (Line Drive, 7, EV 93.1 MPH)
Batting: RHB Estevan Carrillo 0-0: Swinging Strike
0-1: Ball
1-1: Ball
2-1: Ground out 5-3 (Groundball, 15, EV 91.9 MPH)
Bottom of the 2nd over - 0 runs, 1 hit, 0 errors, 1 left on base; Baltimore (APP) 6 - Boston (APP) 1
TOP OF THE 3RD
Baltimore (APP) Orioles batting - Pitching for Boston (APP) Red Sox : RHP Nate Rizzi
Batting: SHB Eric Kelley 0-0: Swinging Strike
0-1: Swinging Strike
0-2: Ball
1-2: Foul Ball, location: 2F
1-2: Foul Ball, location: 2F
1-2: Ground out 1-3 (Groundball, 13, EV 76.2 MPH)
Batting: RHB C.J. Wells 0-0: SINGLE (Line Drive, 7S, EV 108.8 MPH)
Pitching: RHP Zinedine Lahlafi
Batting: LHB Edwin Cabral 0-0: Swinging Strike
0-1: Fielders Choice at 2nd, 4-6 (Groundball, 4, EV 78.8 MPH)
Batting: RHB Han Caspers 0-0: Swinging Strike
0-1: Ball
1-1: Fielders Choice at 2nd, 6-4 (Groundball, 6, EV 85.0 MPH)
Top of the 3rd over - 0 runs, 1 hit, 0 errors, 1 left on base; Baltimore (APP) 6 - Boston (APP) 1
BOTTOM OF THE 3RD
Boston (APP) Red Sox batting - Pitching for Baltimore (APP) Orioles : RHP Craig Painter
Batting: RHB Mo Tsang 0-0: Ball
1-0: Foul Ball, location: 2F
1-1: Fly out, F8 (Flyball, 8LD, EV 99.4 MPH)
Batting: LHB Javier Cajina 0-0: Swinging Strike
0-1: Ball
1-1: Swinging Strike
1-2: Foul Ball, location: 2F
1-2: Ball
2-2: Strikes out swinging
Batting: RHB Kirk Cully 0-0: Ball
1-0: Called Strike
1-1: Ball
2-1: Called Strike
2-2: Ball
3-2: SINGLE (Groundball, 56, EV 101.2 MPH) (infield hit)
Batting: RHB Bakhtiar Asadov 0-0: Ball
1-0: Swinging Strike
1-1: Ball
Kirk Cully is caught stealing 2nd base 2-4
Bottom of the 3rd over - 0 runs, 1 hit, 0 errors, 0 left on base; Baltimore (APP) 6 - Boston (APP) 1
TOP OF THE 4TH
Baltimore (APP) Orioles batting - Pitching for Boston (APP) Red Sox : RHP Zinedine Lahlafi
Batting: LHB Ivan Alvarez 0-0: Swinging Strike
0-1: Ball
1-1: Called Strike
1-2: Strikes out looking
Batting: RHB Imbart van Rens 0-0: Called Strike
0-1: Called Strike
0-2: Strikes out swinging
Batting: RHB Ruben Domingues 0-0: Called Strike
0-1: Foul Ball, location: 2F
0-2: Ball
1-2: Foul Ball, location: 2F
1-2: Strikes out swinging
Top of the 4th over - 0 runs, 0 hits, 0 errors, 0 left on base; Baltimore (APP) 6 - Boston (APP) 1
BOTTOM OF THE 4TH
Boston (APP) Red Sox batting - Pitching for Baltimore (APP) Orioles : RHP Craig Painter
Batting: RHB Bakhtiar Asadov 0-0: Called Strike
0-1: Ball
1-1: Ball
2-1: Foul Ball, location: 2F
2-2: Strikes out swinging
Batting: RHB Joe Booth 0-0: Ball
1-0: Ball
2-0: Foul Ball, location: 2F
2-1: Foul Ball, location: 2F
2-2: Foul Ball, location: 2F
2-2: Ball
3-2: Base on Balls
Batting: SHB Matsudaira Ikeda 0-0: Ball
1-0: Fielders Choice at 2nd, 4-6 (Groundball, 4, EV 103.8 MPH)
Batting: RHB Eric Kent 0-0: Ball
1-0: DOUBLE (Flyball, 89D, EV 98.1 MPH)
Matsudaira Ikeda to third
Runner from 3rd tries for Home, SAFE, throw by CF to trailing runner, SAFE at third!
Batting: RHB Luis Nino 0-0: Ball
1-0: Ground out 5-3 (Groundball, 56, EV 83.8 MPH)
Bottom of the 4th over - 1 run, 1 hit, 0 errors, 1 left on base; Baltimore (APP) 6 - Boston (APP) 2
TOP OF THE 5TH
Baltimore (APP) Orioles batting - Pitching for Boston (APP) Red Sox : RHP Zinedine Lahlafi
Batting: LHB Xue-liang Zhou 0-0: Ball
1-0: Ball
2-0: Ball
3-0: Called Strike
3-1: Called Strike
3-2: Foul Ball, location: 2F
3-2: Foul Ball, location: 2F
3-2: Ground out U3 (Groundball, 34, EV 88.8 MPH)
Batting: LHB Jeremy Nuzzo 0-0: Ball
1-0: Foul Ball, location: 2F
1-1: Ball
2-1: Ball
3-1: Foul Ball, location: 2F
3-2: Base on Balls
Batting: SHB Eric Kelley 0-0: Ball
1-0: Ball
2-0: Fielders Choice at 2nd, 3-6 (Groundball, 3, EV 102.5 MPH)
Batting: RHB C.J. Wells 0-0: Called Strike
Eric Kelley steals 2nd base
0-1: Ball
1-1: Ball
2-1: Ball
Eric Kelley is caught stealing 3rd base 2-5
Top of the 5th over - 0 runs, 0 hits, 0 errors, 0 left on base; Baltimore (APP) 6 - Boston (APP) 2
BOTTOM OF THE 5TH
Boston (APP) Red Sox batting - Pitching for Baltimore (APP) Orioles : RHP Craig Painter
Batting: RHB Estevan Carrillo 0-0: Ball
1-0: Ground out 3-1 (Groundball, 34, EV 86.9 MPH)
Batting: RHB Mo Tsang 0-0: Ball
1-0: Ball
2-0: Called Strike
2-1: Ball
3-1: Fly out, F8 (Flyball, 8LD, EV 100.0 MPH)
Batting: LHB Javier Cajina 0-0: Called Strike
0-1: Called Strike
0-2: Fly out, F8 (Line Drive, 8LM, EV 92.5 MPH)
Bottom of the 5th over - 0 runs, 0 hits, 0 errors, 0 left on base; Baltimore (APP) 6 - Boston (APP) 2
TOP OF THE 6TH
Baltimore (APP) Orioles batting - Pitching for Boston (APP) Red Sox : RHP Zinedine Lahlafi
Batting: RHB C.J. Wells 0-0: Ball
1-0: Called Strike
1-1: Ball
2-1: SOLO HOME RUN (Flyball, 78XD, EV 102.5 MPH), Distance : 402 ft
Batting: LHB Edwin Cabral 0-0: Ball
1-0: Ball
2-0: Called Strike
2-1: Swinging Strike
2-2: Ball
3-2: Ground out 1-3 (Groundball, 15S, EV 73.1 MPH)
Batting: RHB Han Caspers 0-0: Ball
1-0: Ground out 6-3 (Groundball, 6M, EV 101.9 MPH)
Batting: LHB Ivan Alvarez 0-0: Ball
1-0: Foul Ball, location: 2F
1-1: Swinging Strike
1-2: Foul Ball, location: 2F
1-2: Ground out 5-3 (Groundball, 56, EV 109.4 MPH)
Top of the 6th over - 1 run, 1 hit, 0 errors, 0 left on base; Baltimore (APP) 7 - Boston (APP) 2
BOTTOM OF THE 6TH
Boston (APP) Red Sox batting - Pitching for Baltimore (APP) Orioles : RHP Craig Painter
Batting: RHB Kirk Cully 0-0: Swinging Strike
0-1: Ball
1-1: Foul Ball, location: 2F
1-2: Ball
2-2: TRIPLE (Line Drive, 89XD, EV 103.8 MPH)
Batting: RHB Bakhtiar Asadov 0-0: Called Strike
0-1: Ball
1-1: Fly out, F6 (Popup, 6S, EV 86.2 MPH)
Batting: RHB Joe Booth 0-0: Called Strike
0-1: Ground out U3 (Groundball, 34, EV 103.1 MPH)
Kirk Cully scores
Batting: SHB Matsudaira Ikeda 0-0: Ground out 5-3 (Groundball, 56, EV 80.0 MPH)
Bottom of the 6th over - 1 run, 1 hit, 0 errors, 0 left on base; Baltimore (APP) 7 - Boston (APP) 3
TOP OF THE 7TH
Baltimore (APP) Orioles batting - Pitching for Boston (APP) Red Sox : RHP Zinedine Lahlafi
Batting: RHB Imbart van Rens 0-0: Ball
1-0: Called Strike
1-1: Called Strike
1-2: Strikes out swinging
Batting: RHB Ruben Domingues 0-0: Ground out U3 (Groundball, 34, EV 85.6 MPH)
Batting: LHB Xue-liang Zhou 0-0: Ball
1-0: SOLO HOME RUN (Flyball, 7D, EV 106.2 MPH), Distance : 422 ft
Batting: LHB Jeremy Nuzzo 0-0: Ball
1-0: Foul Ball, location: 2F
1-1: Ball
2-1: Fly out, F8 (Flyball, 8LM, EV 95.6 MPH)
Top of the 7th over - 1 run, 1 hit, 0 errors, 0 left on base; Baltimore (APP) 8 - Boston (APP) 3
BOTTOM OF THE 7TH
Boston (APP) Red Sox batting - Pitching for Baltimore (APP) Orioles : RHP Craig Painter
Batting: RHB Eric Kent 0-0: Ball
1-0: Ball
2-0: Foul Ball, location: 2F
2-1: Called Strike
2-2: Ball
3-2: Foul Ball, location: 2F
3-2: Base on Balls
Batting: RHB Luis Nino 0-0: Called Strike
0-1: Swinging Strike
0-2: Ball
1-2: Foul Ball, location: 2F
1-2: Foul Ball, location: 2F
1-2: Strikes out swinging
Pitching: LHP Ryan Watkins
Batting: RHB Estevan Carrillo 0-0: Foul Ball, location: 2F
0-1: Foul Ball, location: 2F
0-2: Ball
1-2: Ball
2-2: Strikes out swinging
Batting: RHB Mo Tsang 0-0: Fielders Choice at 2nd, 6-4 (Groundball, 6, EV 103.8 MPH)
Bottom of the 7th over - 0 runs, 0 hits, 0 errors, 1 left on base; Baltimore (APP) 8 - Boston (APP) 3
TOP OF THE 8TH
Baltimore (APP) Orioles batting - Pitching for Boston (APP) Red Sox : RHP Zinedine Lahlafi
Batting: SHB Eric Kelley 0-0: Called Strike
0-1: Foul Ball, location: 2F
0-2: Foul Ball, location: 2F
0-2: Foul Ball, location: 2F
0-2: Ball
1-2: Foul Ball, location: 2F
1-2: Foul Ball, location: 2F
1-2: Foul Ball, location: 2F
1-2: Ball
2-2: Ball
3-2: Fly out, F8 (Flyball, 8LXD, EV 102.5 MPH)
Pitching: RHP Du Kong
Batting: RHB C.J. Wells 0-0: Called Strike
0-1: Fly out, F5 (Popup, 5S, EV 76.2 MPH)
Batting: LHB Edwin Cabral 0-0: Ball
1-0: Ball
2-0: Foul Ball, location: 2F
2-1: Ball
3-1: Fly out, F9 (Flyball, 9, EV 76.9 MPH)
Top of the 8th over - 0 runs, 0 hits, 0 errors, 0 left on base; Baltimore (APP) 8 - Boston (APP) 3
BOTTOM OF THE 8TH
Boston (APP) Red Sox batting - Pitching for Baltimore (APP) Orioles : LHP Ryan Watkins
Batting: LHB Javier Cajina 0-0: Ball
1-0: Ground out 6-3 (Groundball, 6, EV 83.8 MPH)
Batting: RHB Kirk Cully 0-0: Ball
1-0: Ball
2-0: Ball
3-0: Foul Ball, location: 2F
3-1: Base on Balls
Batting: RHB Bakhtiar Asadov 0-0: Foul Ball, location: 2F
0-1: Swinging Strike
0-2: Foul Ball, location: 2F
0-2: Hit by Pitch
Kirk Cully to second
Batting: RHB Joe Booth 0-0: Ball
1-0: Called Strike
1-1: Called Strike
1-2: Foul Ball, location: 2F
1-2: Strikes out swinging
Batting: SHB Matsudaira Ikeda 0-0: Called Strike
0-1: Ball
1-1: Swinging Strike
1-2: Ball
2-2: Strikes out swinging
Bottom of the 8th over - 0 runs, 0 hits, 0 errors, 2 left on base; Baltimore (APP) 8 - Boston (APP) 3
TOP OF THE 9TH
Baltimore (APP) Orioles batting - Pitching for Boston (APP) Red Sox : RHP Du Kong
Batting: RHB Han Caspers 0-0: Ball
1-0: Called Strike
1-1: Foul Ball, location: 2F
1-2: Strikes out swinging
Batting: LHB Ivan Alvarez 0-0: Foul Ball, location: 2F
0-1: Ball
1-1: Ball
2-1: Ball
3-1: Ground out 1-3 (Groundball, 13S, EV 64.4 MPH)
Pinch Hitting: RHB Minoru Matsumoto 0-0: Ball
1-0: Swinging Strike
1-1: Swinging Strike
1-2: SINGLE (Popup, 34D, EV 51.2 MPH)
Batting: RHB Ruben Domingues 0-0: 2-RUN HOME RUN (Flyball, 7D, EV 108.8 MPH), Distance : 413 ft
Batting: LHB Xue-liang Zhou 0-0: Ball
1-0: Ground out 4-3 (Groundball, 4S, EV 88.8 MPH)
Top of the 9th over - 2 runs, 2 hits, 0 errors, 0 left on base; Baltimore (APP) 10 - Boston (APP) 3
BOTTOM OF THE 9TH
Boston (APP) Red Sox batting - Pitching for Baltimore (APP) Orioles : LHP Ryan Watkins
Now at 3B: Minoru Matsumoto
Batting: RHB Eric Kent 0-0: Ball
1-0: Called Strike
1-1: Ball
2-1: Foul Ball, location: 2F
2-2: Foul Ball, location: 2F
2-2: Strikes out swinging
Pinch Hitting: LHB Mike Hutcheson 0-0: Called Strike
0-1: Foul Ball, location: 2F
0-2: Ball
1-2: Strikes out swinging
Pinch Hitting: RHB Josh Smith 0-0: Ball
1-0: SINGLE (Groundball, 25, EV 70.0 MPH) (infield hit)
Pinch Hitting: LHB Stanislav Parusov 0-0: Ball
1-0: Ball
2-0: Called Strike
2-1: Called Strike
2-2: Foul Ball, location: 2F
2-2: Fly out, F3 (Line Drive, 34, EV 67.5 MPH)
Bottom of the 9th over - 0 runs, 1 hit, 0 errors, 1 left on base; Baltimore (APP) 10 - Boston (APP) 3
Tuesday, March 28th , 2023 - OOTP Baseball 23.10 Build 110